 Dungeon Crawl Stone Soup version 0.31-a0-931-g7b59d4eb97 (webtiles) character file.

Game seed: 17054265186430711350

396 Error4North the Trooper (level 6, 0/65 HPs)
             Began as an Ogre Gladiator on Oct 19, 2023.
             Slain by a worm (10 damage)
             ... on level 4 of the Dungeon.
             The game lasted 00:11:29 (3638 turns).

Error4North the Trooper (Ogre Gladiator)            Turns: 3638, Time: 00:11:30

Health: 0/65       AC:  3    Str: 21    XL:     6   Next: 82%
Magic:  6/6        EV: 10    Int:  9    God:
Gold:   191        SH:  0    Dex: 10    Spells: 5/5 levels left

rFire   . . .        p - +0 giant club
rCold   . . .        (shield currently unavailable)
rNeg    . . .        b - +0 robe
rPois   +            c - +0 hat
rElec   .            (no cloak)
rCorr   .            (gloves unavailable)
SInv    .            (boots unavailable)
Will    .....        (no amulet)
Stlth   +            i - ring of poison resistance
HPRegen 0.30/turn    (no ring)
MPRegen 0.10/turn

%: no passive effects
@: no status effects
A: large, unfitting armour, tough skin 1
a: no special abilities


You were on level 4 of the Dungeon.
You visited 1 branch of the dungeon, and saw 4 of its levels.

You collected 191 gold pieces.

Inventory:

Hand Weapons
 p - a +0 giant club (weapon)
Missiles
 d - 3 throwing nets
 e - a large rock
 j - 6 boomerangs (quivered)
Armour
 b - a +0 robe (worn)
 c - a +0 hat (worn)
Jewellery
 i - a ring of poison resistance (left hand)
Scrolls
 g - a scroll of vulnerability
 n - a scroll of identify {unknown}
 o - 3 scrolls of teleportation {unknown}
Potions
 f - a potion of lignification


   Skills:
 * Level 4.9 Fighting
 * Level 2.3(3.4) Maces & Flails
 - Level 4.1(4.5) Staves
 + Level 2.1 Throwing
 * Level 1.8 Armour
 * Level 4.0 Dodging
 + Level 0.1 Stealth


You had 5 spell levels left.
You didn't know any spells.
Your spell library contained the following spells:

 Spells                   Type           Power      Damage    Failure   Level
 Sandblast                Erth           0%         2d4       38%         1
 Passwall                 Tmut/Erth      0%         N/A       52%         2
 Stone Arrow              Conj/Erth      0%         3d7       77%         3
 Brom's Barrelling Bould  Conj/Erth      0%         2d3       99%         4


Dungeon Overview and Level Annotations

Branches:
Dungeon (4/15)
 Temple: D:4-7

Altars:
Trog
Yredelemnul

Annotations:
D:3 2 transporters


Innate Abilities, Weirdness & Mutations

You are too large for most types of armour.
You have tough skin. (AC +1)


Message History

Something hits you but does no damage.
You closely miss something.
Your butterfly disappears in a burst of colours!
Something hits you but does no damage. x2
You closely miss something. Something hits you but does no damage.
You closely miss something.
You feel less wooden.
Your +0 hat unmelds from your body.
Your +0 robe unmelds from your body.
You hear some strange, mumbled words.
Something tries to affect you, but you resist.
Something hits you.
You closely miss something.
Your butterfly disappears in a burst of colours! x2
Something hits you.
* * * LOW HITPOINT WARNING * * *
Your butterfly disappears in a burst of colours! x2
Something hits you but does no damage.
Your butterfly disappears in a burst of colours! x2
You hear some strange, mumbled words.
You are confused.
There is an open door here.
Your butterfly disappears in a burst of colours!
Okay, then.
Okay, then.
Your butterfly disappears in a burst of colours!
Your butterfly disappears in a burst of colours!
Something hits you.
You bump into the rock wall.
You hear some strange, mumbled words.
A puff of flame appears from out of thin air!
The puff of flame hits you.
* * * LOW HITPOINT WARNING * * *
You completely miss something.
You feel less confused. Something hits you but does no damage.
You feel your willpower return. Something hits you.
* * * LOW HITPOINT WARNING * * *
The worm bites you!
You die...

#.##K....[..#
#....##.....#
#)######....#
##.####.#
#....#
........##
##'### ######
####.#..o#
#...###....#
#.#'#o###
###...'....#
#...ow{.#
#####....#
#....<@.#
#.####
#.......#
#.####
#.......#
#.....
##......#
#####.
######## ##
######### #
#......<# #
#.####### #
####)#


You could see a worm and 3 orcs.

Vanquished Creatures
  An ogre (D:2)
  A jelly (D:4)
  A hound (D:4)
  Jessica (D:2)
  Terence (D:3)
  An orc wizard (D:4)
  5 gnolls
  4 adders
  A white imp (D:3)
  3 worms
  A dart slug (D:2)
  5 orcs
  9 endoplasms
  3 giant cockroaches
  5 goblins
  5 hobgoblins
  5 quokkas
  6 ball pythons
  4 bats
  3 frilled lizards
  8 kobolds
  7 rats
80 creatures vanquished.

Notes
Turn   | Place    | Note
-------+----------+-------------------------------------------
     0 | D:1      | Error4North the Ogre Gladiator began the quest for the Orb.
     0 | D:1      | Reached XP level 1. HP: 22/22 MP: 1/1
   229 | D:1      | Reached XP level 2. HP: 29/29 MP: 2/2
  1049 | D:2      | Reached XP level 3. HP: 35/37 MP: 3/3
  1290 | D:2      | Reached skill level 1 in Armour
  1348 | D:2      | Found a bloodstained altar of Trog.
  1391 | D:2      | Reached XP level 4. HP: 43/45 MP: 4/4
  1442 | D:2      | Noticed an ogre
  1447 | D:2      | Killed an ogre
  1448 | D:2      | Reached XP level 5. HP: 54/54 MP: 5/5
  2372 | D:3      | Noticed Jessica
  2390 | D:2      | Killed Jessica
  2460 | D:3      | Found a transporter.
  2724 | D:3      | Found a transporter.
  2755 | D:3      | Reached XP level 6. HP: 55/62 MP: 6/6
  2915 | D:3      | Noticed Terence
  2918 | D:3      | Killed Terence
  2981 | D:3      | Reached skill level 1 in Maces & Flails
  3057 | D:4      | Found a basalt altar of Yredelemnul.
  3638 | D:4      | Slain by a worm

Illustrated notes

Levels and vault maps discovered:
D:1:      eino_arrival_water_star, layout_loops_corners,
          nicolae_concentric_dashed_squares_wild, hex_tiny,
          minmay_misc_feat_rugged, serial_bayou_lagoon_b
D:2:      layout_basic, basic_altar, kennysheep_generic_room_8
D:3:      gammafunk_wand_slinger, layout_basic, uniq_jessica, uniq_terence
D:4:      layout_basic, mainiacjoe_overflow_catwalk, old_standard_altar

Skill      XL: |  1  2  3  4  5  6 |
---------------+-------------------+-----
Dodging        | 3 4 |  4.0
Fighting       | 3 4 |  4.9
Armour         | 1 |  1.8
Staves         | 4 |  4.1
Maces & Flails | 2 |  2.3
Throwing       | |  2.1
Stealth        | |  0.1

Action                     |  1- 3 |  4- 6 || total
---------------------------+-------+-------++-------
  Melee: Quarterstaff      |    71 |    11 ||    82
         Giant club        |       |   232 ||   232
  Throw: Large rock        |       |     1 ||     1
         Throwing net      |       |     1 ||     1
         Boomerang         |       |     1 ||     1
    Use: Potion            |       |     8 ||     8
         Scroll            |       |     3 ||     3
 Armour: Robe              |    29 |   260 ||   289
         Skin              |       |    32 ||    32
  Dodge: Dodged            |    34 |   212 ||   246

Table legend: (Time is in decaauts)
 A = Elapsed time spent in this place.
 B = Non-inter-level travel time spent in this place.
 C = Inter-level travel time spent in this place.
 D = Time resting spent in this place.
 E = Time spent auto-exploring this place.
 F = Levels seen in this place.
 G = Mean time per level.
                   A        B        C        D        E       F      G
               +--------+--------+--------+--------+--------+-----+--------+
         Total |   3749 |   3655 |     94 |    549 |   2013 |   4 |  937.2 |
       Dungeon |   3749 |   3655 |     94 |    549 |   2013 |   4 |  937.2 |
               +--------+--------+--------+--------+--------+-----+--------+

Top non-repeatable levels by time:
     D:2: 1187 daAuts
     D:1: 1043 daAuts
     D:3: 1000 daAuts
     D:4: 518 daAuts
